 Dungeon Crawl Stone Soup version 0.31-a0-182-gc5ef74bbde (webtiles) character file.

Game seed: 12229638844721321543

79 qw the Chopper (level 4, 0/28 HPs)
             Began as a Gargoyle Fighter on June 20, 2023.
             Slain by a gnoll
             ... wielding a +0 halberd
              (5 damage)
             ... on level 3 of the Dungeon.
             The game lasted 00:00:48 (1475 turns).

qw the Chopper (Gargoyle Fighter)                   Turns: 1475, Time: 00:00:49

Health: 0/28       AC: 10    Str: 21    XL:     4   Next: 37%
Magic:  4/4        EV:  9    Int:  9    God:
Gold:   105        SH:  4    Dex:  9    Spells: 3/3 levels left

rFire   . . .        Y - +0 war axe
rCold   . . .        c - +0 buckler
rNeg    + . .        b - +0 scale mail
rPois   inf          (no helmet)
rElec   +            (no cloak)
rCorr   .            (no gloves)
SInv    .            (no boots)
Will    .....        (no amulet) Stlth
                     (no ring)
HPRegen 0.24/turn    (no ring)
MPRegen 0.09/turn

%: no passive effects
@: no status effects
A: sickness immunity, AC +3, negative energy resistance 1, electricity
resistance, torment resistance 1, petrification resistance
a: no special abilities


You were on level 3 of the Dungeon.
You visited 1 branch of the dungeon, and saw 3 of its levels.

You collected 105 gold pieces.


Innate Abilities, Weirdness & Mutations

You are immune to sickness and miasma.
Your stone body is resilient. (AC +3)
You are immune to poison.
You resist negative energy. (rN+)
You are resistant to electric shocks. (rElec)
You are resistant to unholy torment.
You are immune to petrification.


   Skills:
 - Level 3.2 Fighting
 + Level 4.1 Axes
 - Level 3.2 Armour
 - Level 3.2 Shields


You had 3 spell levels left.
You didn't know any spells.
Your spell library was empty.

Inventory:

Hand Weapons
 j - the +0 whip of Guucoenua {flame, rCorr}
   (You found it on level 2 of the Dungeon)

   rCorr:     It protects you from acid and corrosion.
 Y - a +0 war axe (weapon)
Armour
 b - a +0 scale mail (worn)
 c - a +0 buckler (worn)
Potions
 d - a potion of might
 f - 2 potions of brilliance {unknown}
 g - a potion of curing
 h - a potion of attraction {unknown}

Dungeon Overview and Level Annotations

Branches:
Dungeon (3/15)

Altars:


Message History

You feel much better. The gnoll hits you but does no damage.
The gnoll hits you from afar with a +0 halberd!
You hit the gnoll.
The gnoll is heavily wounded.
You block the gnoll's attack. The gnoll barely misses you.
You hit the gnoll.
The gnoll is severely wounded.
The gnoll hits you but does no damage. The gnoll barely misses you.
You slash the gnoll!
You kill the gnoll!
The gnoll hits you from afar with a +0 halberd.
The gnoll closely misses you.
Your Axes skill increases to level 4!
The gnoll barely misses you.
The gnoll hits you from afar with a +0 halberd.
Things that are here:
a +0 club; a gnoll corpse You hit the gnoll.
The gnoll is almost dead.
The gnoll barely misses you. You block the gnoll's attack.
You hit the gnoll.
You kill the gnoll!
The gnoll closely misses you.
You completely miss the gnoll. The gnoll hits you but does no damage.
The gnoll barely misses you.
You hit the gnoll.
The gnoll is moderately wounded.
The gnoll hits you but does no damage. The gnoll closely misses you.
The gnoll hits you with a +0 flail. The gnoll barely misses you.
You hit the gnoll.
The gnoll is severely wounded.
The gnoll hits you with a +0 flail. The gnoll barely misses you.
You barely miss the gnoll.
The gnoll is severely wounded.
The gnoll closely misses you. The gnoll hits you but does no damage.
You slash the gnoll!
You kill the gnoll!
The gnoll hits you from afar with a +0 halberd.
You die...

# ###. .....
###..g############
#.....)@.........#
#.#..#####.#####.#
# .:.# #.#####
###.# #.....# #.#
#<....# #.#
#.......# #.#
#.....### #.#
#.....# ..#.###


You could see a gnoll.

Vanquished Creatures
  3 gnolls (D:3)
  2 worms (D:2)
  A dart slug (D:1)
  3 ball pythons
  4 bats
  3 endoplasms
  3 giant cockroaches
  4 goblins
  8 hobgoblins
  6 jackals
  2 quokkas
  4 frilled lizards (D:1)
  4 rats
47 creatures vanquished.

Notes
Turn   | Place    | Note
-------+----------+-------------------------------------------
     0 | D:1      | qw the Gargoyle Fighter began the quest for the Orb.
     0 | D:1      | Reached XP level 1. HP: 14/14 MP: 1/1
     0 | D:1      | 0 ||| qw: Version: 0.3-a-9-g12657ce
     0 | D:1      | 0 ||| qw: Game counter: 1384
     0 | D:1      | 0 ||| qw: Always use a shield: true
     0 | D:1      | 0 ||| qw: God list: Okawaru
     0 | D:1      | 0 ||| qw: Allow faded altars: false
     0 | D:1      | 0 ||| qw: Do Orc after D:15 true
     0 | D:1      | 0 ||| qw: Do second Lair branch before Depths: true
     0 | D:1      | 0 ||| qw: Lair rune preference: random
     0 | D:1      | 0 ||| qw: Plans: Normal, Zot:1-4, Slime:5, God:TSO, Crypt,
                  | Tomb, Abyss, Pan, Hells, Win
     0 | D:1      | 0 ||| PLANNING D:1-11
    44 | D:1      | Reached skill level 2 in Axes
    56 | D:1      | Reached XP level 2. HP: 13/19 MP: 2/2
   204 | D:1      | 204 ||| Stepping ~*~*~tactically~*~*~ (hiding).
   327 | D:1      | 327 ||| Stepping ~*~*~tactically~*~*~ (stealth).
   337 | D:1      | Reached skill level 3 in Axes
   343 | D:1      | Reached XP level 3. HP: 23/23 MP: 3/3
   553 | D:1      | Found a faded altar of an unknown god.
   923 | D:2      | Identified the +0 whip of Guucoenua {flame, rCorr}
   925 | D:2      | 925 ||| DROPPING +0 club.
  1171 | D:2      | 1171 ||| Stepping ~*~*~tactically~*~*~ (stealth).
  1245 | D:2      | Identified the +3 dagger "Baby" {heavy, Int+3}
  1403 | D:2      | 1403 ||| DROPPING ring of magical power.
  1404 | D:2      | 1404 ||| READING scroll labelled MELECKU XAXT.
  1405 | D:2      | 1405 ||| READING scroll labelled MEASCH CIPOGG.
  1406 | D:2      | 1406 ||| DRINKING 3 glowing golden potions.
  1407 | D:2      | 1407 ||| DRINKING 2 cyan potions.
  1439 | D:3      | Reached XP level 4. HP: 28/28 MP: 4/4
  1457 | D:3      | HP: 7/28 [gnoll/+0 club (1)]
  1458 | D:3      | 1458 ||| DRINKING 2 potions of heal wounds.
  1463 | D:3      | HP: 7/28 [gnoll/+0 halberd (6)]
  1464 | D:3      | 1464 ||| DRINKING potion of heal wounds.
  1468 | D:3      | Reached skill level 4 in Axes
  1473 | D:3      | HP: 4/28 [gnoll/+0 flail (5)]
  1475 | D:3      | Slain by a gnoll

Levels and vault maps discovered:
D:1:      saegor_arrival_simple_d, layout_loops_ring,
          chequers_ecumenical_altar_simple_redux, minmay_misc_feat_doors
D:2:      layout_basic, minmay_quadrilaterals
D:3:      layout_loops_ring

Skill      XL: |  1  2  3  4 |
---------------+-------------+-----
Axes           | 2 3 4 |  4.1
Fighting       | |  3.2
Armour         | |  3.2
Shields        | |  3.2

Action                     |  1- 3 |  4- 6 || total
---------------------------+-------+-------++-------
  Melee: War axe           |   125 |    21 ||   146
    Use: Potion            |     2 |     2 ||     4
         Scroll            |     2 |       ||     2
 Armour: Scale mail        |    71 |    10 ||    81
  Dodge: Dodged            |    61 |    21 ||    82
  Block: Buckler           |    24 |     4 ||    28

Table legend:
 A = Non-vault XP
 B = Vault XP
 C = Vault XP percentage of total XP
 D = Non-vault monster count
 E = Vault monster count
 F = Vault count percentage of total count
                 A         B        C        D         E       F
            +---------+---------+-------+---------+---------+-------
      Total |     120 |       8 |   6.2 |      42 |       5 |  10.6
            +---------+---------+-------+---------+---------+-------
        D:1 |      41 |       0 |   0.0 |      23 |       0 |   0.0
        D:2 |      32 |       8 |  20.0 |      14 |       5 |  26.3
        D:3 |      47 |       0 |   0.0 |       5 |       0 |   0.0
            +---------+---------+-------+---------+---------+-------
